 Dungeon Crawl Stone Soup version 0.31.0-11-ge490571c62 (webtiles) character file.

Game seed: 14853590769748760641

282 qw the Shooter (level 6, 0/29 HPs)
             Began as a Spriggan Hunter on Feb 3, 2024.
             Killed by divine providence
             ... invoked by an orc priest
              (9 damage)
             ... on level 3 of the Dungeon.
             The game lasted 00:00:12 (3381 turns).

qw the Shooter (Spriggan Hunter)                    Turns: 3381, Time: 00:00:13

Health: 0/29       AC:  4    Str:  7    XL:     6   Next: 6%
Magic:  7/7        EV: 20    Int: 11    God:
Gold:   186        SH:  0    Dex: 20    Spells: 5/5 levels left

rFire   . . .        e - +0 orcbow
rCold   . . .        (shield currently unavailable)
rNeg    . . .        d - +2 animal skin
rPois   .            (helmet restricted)
rElec   .            (no cloak)
rCorr   .            (gloves unavailable)
SInv    +            (boots unavailable)
Will    +....        (no amulet)
Stlth   ++           (no ring)
HPRegen 0.24/turn    (no ring)
MPRegen 0.10/turn

%: no passive effects
@: very quick
A: very small, no large weapons, unfitting armour, see invisible, speed 3, frail
1
a: no special abilities


You were on level 3 of the Dungeon.
You visited 1 branch of the dungeon, and saw 4 of its levels.

You collected 186 gold pieces.


Innate Abilities, Weirdness & Mutations

You are very small and have problems with some larger weapons.
You are too small for most types of armour.
You have supernaturally acute eyesight. (SInv)
You cover ground extremely quickly. (Speed+++)
You are frail. (-10% HP)


   Skills:
 - Level 3.6 Fighting
 + Level 5.1 Ranged Weapons
 - Level 5.0 Dodging
 - Level 1.5 Stealth


You had 5 spell levels left.
You didn't know any spells.
Your spell library was empty.

Inventory:

Hand Weapons
 e - a +0 orcbow (weapon)
Armour
 d - a +2 animal skin (worn)
Jewellery
 j - a ring of fire
Potions
 c - a potion of cancellation
 f - a potion of might
 g - a potion of brilliance {unknown}

Dungeon Overview and Level Annotations

Branches:
Dungeon (4/15)
 Temple: D:4-7

Altars:

Annotations:
D:2 1 runed translucent door, Crazy Yiuf


Message History

The orc barely misses you.
You shoot an arrow. The arrow hits the orc.
The orc is lightly wounded.
The orc hits you but does no damage. The orc misses you.
You shoot an arrow. The arrow hits the orc!
You kill the orc!
You start resting.
HP restored.
You climb downwards.
The giant cockroach barely misses you. x2
There is a stone staircase leading up, spattered with blood here.
3374 ||| STAIRDANCE The orc priest barely misses you.
The giant cockroach misses you.
You climb upwards.
There is a stone staircase leading down here.
You shoot an arrow.
The arrow closely misses the orc priest.
The giant cockroach bites you but does no damage.
The orc priest hits you with a +0 club.
The giant cockroach completely misses you.
The orc priest misses you.
You shoot an arrow. The arrow barely misses the orc priest.
The giant cockroach misses you. The orc priest barely misses you.
You shoot an arrow.
The arrow closely misses the orc priest.
The giant cockroach completely misses you.
The orc priest invokes the aid of Beogh against you.
Beogh smites you! The giant cockroach closely misses you.
You shoot an arrow. The arrow barely misses the orc priest.
The orc priest hits you with a +0 club. The giant cockroach bites you.
The orc priest hits you with a +0 club. The giant cockroach closely misses you.
You shoot an arrow. The arrow hits the orc priest.
The orc priest is lightly wounded.
The giant cockroach misses you. The orc priest barely misses you.
You shoot an arrow.
The arrow hits the orc priest but does no damage.
The orc priest is lightly wounded.
The giant cockroach closely misses you.
The orc priest invokes the aid of Beogh against you.
Beogh smites you!
You die...

#.........#### #.#
#............# #.#
#.........##.# #.#
####....#....##.## #.#
..##....#........#####.#
..+#....#..............#
........#.##.##..#####.#
........'......B[###...#
........#......[@......#
#......####.##.o####..###
#......##...##..# #....#
#......##.#.###.# ##..#%#
#.......#.#.# #.# #.....#
#......)....# #.# #...#.#
#.......#..## #.# #.#.#.#
...####....# #.###.#.#.#
.### #....####.#.......#


You could see an orc priest and a giant cockroach.

Vanquished Creatures
  Sigmund (D:3)
  Robin (D:2)
  A gnoll (D:3)
  2 adders (D:3)
  2 ribbon worms
  2 dart slugs (D:1)
  5 orcs (D:3)
  5 bats
  5 endoplasms
  4 giant cockroaches
  12 goblins
  4 hobgoblins (D:2)
  4 jackals (D:2)
  3 quokkas (D:3)
  2 ball pythons
  4 frilled lizards
  3 kobolds
  9 rats
69 creatures vanquished.

Notes
Turn   | Place    | Note
-------+----------+-------------------------------------------
     0 | D:1      | qw the Spriggan Hunter began the quest for the Orb.
     0 | D:1      | Reached XP level 1. HP: 10/10 MP: 2/2
     0 | D:1      | 0 ||| qw: Version: 0.3-a-155-g5e7d8dd
     0 | D:1      | 0 ||| qw: Game counter: 3382
     0 | D:1      | 0 ||| qw: Melee chars always use a shield: true
     0 | D:1      | 0 ||| qw: God list: Okawaru
     0 | D:1      | 0 ||| qw: Allow faded altars: false
     0 | D:1      | 0 ||| qw: Do Orc after clearing Dungeon:15 true
     0 | D:1      | 0 ||| qw: Do second Lair branch before Depths: true
     0 | D:1      | 0 ||| qw: Lair rune preference: random
     0 | D:1      | 0 ||| qw: Goals: Normal
     0 | D:1      | 0 ||| PLANNING D:1-11
    75 | D:1      | Reached skill level 3 in Dodging
   243 | D:1      | Reached XP level 2. HP: 14/14 MP: 3/3
   988 | D:1      | 988 ||| READING scroll labelled ETURRI AGYDEIFRA.
   989 | D:1      | 989 ||| READING scroll labelled JUMYSI URCHINEORERE.
   989 | D:1      | 989 ||| ENCHANTING +0 shortbow.
   990 | D:1      | 990 ||| READING 2 scrolls labelled QAFE BERCHIHIR.
   991 | D:1      | 991 ||| READING scroll labelled RAECWE XYMU.
   996 | D:1      | 996 ||| READING scroll labelled ADWYXAAL KOCVO.
   996 | D:1      | 996 ||| IDENTIFYING dark potion
   997 | D:1      | 997 ||| READING scroll labelled XOYSHE DOOLE.
   998 | D:1      | 998 ||| DRINKING 2 fuming golden potions.
   998 | D:1      | Gained mutation: You occasionally lose the ability to drink
                  | potions when taking damage. [potion of mutation]
   998 | D:1      | Gained mutation: You are partially covered in iridescent
                  | scales. (AC +2) [potion of mutation]
   998 | D:1      | Gained mutation: You are somewhat resistant to further
                  | mutation. [potion of mutation]
   999 | D:1      | 999 ||| DRINKING potion of mutation.
   999 | D:1      | Lost mutation: You are somewhat resistant to further
                  | mutation. [potion of mutation]
   999 | D:1      | Lost mutation: You are partially covered in iridescent
                  | scales. (AC +2) [potion of mutation]
   999 | D:1      | Lost mutation: You occasionally lose the ability to drink
                  | potions when taking damage. [potion of mutation]
   999 | D:1      | Gained mutation: Your muscles are strong. (Str +4, Int/Dex
                  | -1) [potion of mutation]
   999 | D:1      | Lost mutation: Your muscles are strong. (Str +4, Int/Dex
                  | -1) [potion of mutation]
   999 | D:1      | Gained mutation: You are frail. (-10% HP) [potion of
                  | mutation]
  1000 | D:1      | 1000 ||| DROPPING scroll of butterflies.
  1001 | D:1      | 1001 ||| DROPPING scroll of amnesia.
  1002 | D:1      | 1002 ||| DROPPING potion of ambrosia.
  1062 | D:2      | Reached XP level 3. HP: 16/16 MP: 4/4
  1155 | D:2      | Noticed Robin
  1165 | D:2      | HP: 3/16 [Robin/+0 club (3)]
  1167 | D:2      | Killed Robin
  1259 | D:2      | Found a runed translucent door.
  1260 | D:2      | Noticed Crazy Yiuf
  1661 | D:2      | 1661 ||| SWAPPING to +0 orcbow.
  1663 | D:2      | 1663 ||| DROPPING +0 shortbow.
  1695 | D:2      | Reached XP level 4. HP: 19/19 MP: 5/5
  2045 | D:2      | Found a faded altar of an unknown god.
  2291 | D:2      | 2291 ||| UPGRADING to +2 animal skin.
  2301 | D:2      | 2301 ||| DROPPING +0 robe.
  2302 | D:2      | 2302 ||| READING scroll of identify.
  2302 | D:2      | 2302 ||| IDENTIFYING fuming cyan potion
  2303 | D:2      | 2303 ||| DRINKING 2 cyan potions.
  2304 | D:2      | 2304 ||| FLEEEEING.
  2305 | D:2      | 2305 ||| FLEEEEING.
  2306 | D:2      | 2306 ||| FLEEEEING.
  2307 | D:2      | 2307 ||| FLEEEEING.
  2308 | D:2      | 2308 ||| FLEEEEING.
  2309 | D:2      | 2309 ||| FLEEEEING.
  2310 | D:2      | 2310 ||| FLEEEEING.
  2311 | D:2      | 2311 ||| FLEEEEING.
  2312 | D:2      | 2312 ||| FLEEEEING.
  2313 | D:2      | 2313 ||| FLEEEEING.
  2314 | D:2      | 2314 ||| FLEEEEING.
  2315 | D:2      | 2315 ||| FLEEEEING.
  2316 | D:2      | 2316 ||| FLEEEEING.
  2317 | D:2      | 2317 ||| FLEEEEING.
  2318 | D:2      | 2318 ||| FLEEEEING.
  2319 | D:2      | 2319 ||| FLEEEEING.
  2320 | D:2      | 2320 ||| FLEEEEING.
  2321 | D:2      | 2321 ||| FLEEEEING.
  2322 | D:2      | 2322 ||| FLEEEEING.
  2323 | D:2      | 2323 ||| FLEEEEING.
  2324 | D:2      | 2324 ||| FLEEEEING.
  2325 | D:2      | 2325 ||| FLEEEEING.
  2326 | D:2      | 2326 ||| FLEEEEING.
  2327 | D:2      | 2327 ||| FLEEEEING.
  2328 | D:2      | 2328 ||| FLEEEEING.
  2329 | D:2      | 2329 ||| FLEEEEING.
  2330 | D:2      | 2330 ||| FLEEEEING.
  2331 | D:2      | 2331 ||| FLEEEEING.
  2332 | D:2      | 2332 ||| FLEEEEING.
  2333 | D:2      | 2333 ||| FLEEEEING.
  2334 | D:2      | 2334 ||| FLEEEEING.
  2335 | D:2      | 2335 ||| FLEEEEING.
  2336 | D:2      | 2336 ||| FLEEEEING.
  2337 | D:2      | 2337 ||| FLEEEEING.
  2338 | D:2      | 2338 ||| FLEEEEING.
  2339 | D:2      | 2339 ||| FLEEEEING.
  2340 | D:2      | 2340 ||| FLEEEEING.
  2341 | D:2      | 2341 ||| FLEEEEING.
  2342 | D:2      | 2342 ||| STAIRDANCE
  2444 | D:1      | 2444 ||| DROPPING potion of berserk rage.
  2790 | D:3      | Noticed Sigmund
  2802 | D:3      | Killed Sigmund
  2803 | D:3      | Reached skill level 3 in Fighting
  2803 | D:3      | Reached XP level 5. HP: 26/26 MP: 6/6
  3223 | D:3      | 3223 ||| DROPPING ring of wizardry.
  3224 | D:3      | 3224 ||| READING 2 scrolls labelled OVASTAI DIURO.
  3225 | D:3      | 3225 ||| READING scroll labelled MUPTAD MUCUFACK.
  3226 | D:3      | 3226 ||| DRINKING 2 orange potions.
  3227 | D:3      | 3227 ||| DROPPING scroll of noise.
  3255 | D:4      | 3255 ||| STAIRDANCE
  3263 | D:4      | 3263 ||| STAIRDANCE
  3270 | D:4      | 3270 ||| STAIRDANCE
  3277 | D:3      | Reached XP level 6. HP: 29/29 MP: 7/7
  3279 | D:4      | 3279 ||| STAIRDANCE
  3346 | D:4      | 3346 ||| STAIRDANCE
  3374 | D:4      | 3374 ||| STAIRDANCE
  3381 | D:3      | Killed from afar by an orc priest

Levels and vault maps discovered:
D:1:      roadster_arrival_rocket_small, layout_basic, serial_park_tiny_1
D:2:      layout_basic, chequers_ecumenical_altar_grove,
          chequers_serial_rivers_micro_d, uniq_crazy_yiuf_cottage, uniq_robin
D:3:      layout_basic, uniq_sigmund
D:4:      layout_cave_pools, hangedman_abyss_or_decor_lesser_grid,
          grunt_ministairs_12

Skill      XL: |  1  2  3  4 |
---------------+-------------+-----
Dodging        | 3 4 5 |  5.0
Ranged Weapons | 5 |  5.1
Fighting       | 3 |  3.6
Stealth        | |  1.5

Action                     |  1- 3 |  4- 6 || total
---------------------------+-------+-------++-------
   Fire: Shortbow          |   125 |       ||   125
         Orcbow            |     4 |    91 ||    95
    Use: Scroll            |     6 |     3 ||     9
         Potion            |     2 |     2 ||     4
 Armour: Robe              |    21 |       ||    21
         Animal skin       |       |    21 ||    21
  Dodge: Dodged            |    59 |    77 ||   136

Table legend:
 A = Non-vault XP
 B = Vault XP
 C = Vault XP percentage of total XP
 D = Non-vault monster count
 E = Vault monster count
 F = Vault count percentage of total count
                 A         B        C        D         E       F
            +---------+---------+-------+---------+---------+-------
      Total |     151 |     253 |  62.6 |      61 |       8 |  11.6
            +---------+---------+-------+---------+---------+-------
        D:1 |      37 |       0 |   0.0 |      20 |       0 |   0.0
        D:2 |      35 |      27 |  43.5 |      19 |       7 |  26.9
        D:3 |      79 |     226 |  74.1 |      22 |       1 |   4.3
            +---------+---------+-------+---------+---------+-------
